AoeStats
← cmd

Arabia

508513934Analyzed
3v3 RM · 9d ago on Sep 22, 2026· 53m 22s· 6 players
Game mode
Random Map
Map size
Normal (6 player)
Population
200
Speed
Normal
Resources
Standard
Victory
Conquest
Starting age
Dark Age
Ending age
Imperial Age
RankedLock teamsTeams togetherTeam positionsShared explorationLock speedFull tech treeHidden civsTurbo modeCheats
Victory
Defeat
🇩🇪 Mongols · Germany
970
+13
🇩🇪 Japanese · Germany
958
+13
🇩🇪 Franks · Germany
901
+16
🇩🇪 Huns · Germany
919
-15
🇨🇴 Vietnamese · Colombia
893
-14
🇫🇷 Vietnamese · France
880
-13
19johnny89
1:08 Loom
10:12 Feudal Age
11:34 Wheelbarrow
10:55 Double-Bit Axe
17:19 Bloodlines
20:41 Castle Age
18:36 Fletching
20:32 Scale Barding Armor
21:25 Husbandry
21:23 Bodkin Arrow
26:40 Hand Cart
27:26 Town Watch
28:40 Thumb Ring
32:30 Ballistics
35:07 Pikeman
35:47 Squires
43:35 Imperial Age
41:02 Murder Holes
44:03 Chain Barding Armor
43:44 Padded Archer Armor
45:13 Parthian Tactics
44:08 Heavy Cavalry Archer
Skibidi Bop
10:46 Feudal Age
11:53 Loom
23:40 Castle Age
22:00 Padded Archer Armor
22:43 Double-Bit Axe
22:52 Gold Mining
22:46 Horse Collar
23:55 Fletching
24:16 Forging
24:07 Scale Mail Armor
24:20 Crossbowman
25:23 Pikeman
27:31 Thumb Ring
28:23 Bodkin Arrow
29:33 Leather Archer Armor
29:25 Heavy Plow
32:04 Bloodlines
32:15 Scale Barding Armor
33:39 Husbandry
34:04 Chain Barding Armor
34:09 Squires
35:43 Stone Mining
36:45 Ballistics
37:06 Iron Casting
deiwersmith
0:43 Loom
11:23 Feudal Age
16:08 Double-Bit Axe
16:17 Gold Mining
23:11 Castle Age
23:16 Crossbowman
24:02 Thumb Ring
30:03 Stone Mining
31:14 Elite Skirmisher
35:29 Chatras
36:34 Stone Shaft Mining
37:46 Fletching
37:56 Padded Archer Armor
helo
6:57 Loom
9:38 Feudal Age
10:35 Double-Bit Axe
16:52 Horse Collar
17:46 Man-at-Arms
22:16 Castle Age
20:52 Wheelbarrow
22:10 Fletching
25:25 Bodkin Arrow
26:23 Elite Skirmisher
27:20 Padded Archer Armor
27:49 Bow Saw
34:32 Pikeman
46:15 Leather Archer Armor
48:09 Hand Cart
49:53 Scale Mail Armor
52:18 Chain Mail Armor
52:59 Town Watch
noname
11:23 Feudal Age
12:25 Double-Bit Axe
12:30 Loom
13:21 Wheelbarrow
15:25 Horse Collar
21:11 Castle Age
21:26 Bloodlines
22:24 Scale Barding Armor
26:16 Town Watch
27:25 Husbandry
34:40 Chain Barding Armor
34:31 Forging
36:08 Bow Saw
41:55 Heavy Plow
44:29 Imperial Age
42:15 Hand Cart
44:33 Imperial Age
44:03 Fletching
44:18 Padded Archer Armor
45:09 Bodkin Arrow
44:51 Elite Steppe Lancer
47:11 Iron Casting
46:27 Heavy Scorpion
48:30 Chemistry
50:20 Blast Furnace
53:48 Drill
cmd
12:05 Loom
13:51 Feudal Age
15:07 Double-Bit Axe
18:10 Castle Age
23:11 Gold Mining
24:46 Husbandry
25:40 Scale Barding Armor
26:44 Pikeman
29:02 Chain Barding Armor
29:45 Bow Saw
42:30 Imperial Age
44:23 Plate Barding Armor
43:13 Cavalier
45:01 Forging
44:55 Paladin
48:21 Iron Casting
49:20 Gold Shaft Mining
53:28 Chemistry
Connection lost

Rejoining the realm…

Still unreachable

The connection could not be restored.

Session expired

The server has moved on; the page needs a fresh start.